 Dungeon Crawl Stone Soup version 0.31-a0-931-g7b59d4eb97 (webtiles) character file.

Game seed: 5576077006076813248

54 Pixllover the Chopper (level 3, 0/33 HPs)
             Began as a Hill Orc Monk on Oct 19, 2023.
             Succumbed to an adder's poison
             ... on level 2 of the Dungeon.
             The game lasted 00:02:08 (1700 turns).

Pixllover the Chopper (Hill Orc Monk)               Turns: 1700, Time: 00:02:09

Health: 0/33       AC:  2    Str: 15    XL:     3   Next: 91%
Magic:  3/3        EV: 12    Int: 10    God:
Gold:   103        SH:  0    Dex: 13    Spells: 2/2 levels left

rFire   . . .        a - +0 hand axe
rCold   . . .        d - orb {light}
rNeg    . . .        b - +0 robe
rPois   .            (no helmet)
rElec   .            (no cloak)
rCorr   .            (no gloves)
SInv    .            (no boots)
Will    .....        (no amulet)
Stlth   +            (no ring)
HPRegen 0.25/turn    (no ring)
MPRegen 0.08/turn

%: no passive effects
@: lethally poisoned (0 -> -5), glowing
A: no striking features
a: no special abilities


You were on level 2 of the Dungeon.
You visited 1 branch of the dungeon, and saw 2 of its levels.

You collected 103 gold pieces.

Inventory:

Hand Weapons
 a - a +0 hand axe (weapon)
Missiles
 k - 4 poisoned darts (quivered)
Armour
 b - a +0 robe (worn)
 d - an orb of light (worn)
Scrolls
 e - 2 scrolls of identify {unknown}
 f - 2 scrolls of amnesia {unknown}
 h - a scroll of vulnerability {unknown}
Potions
 c - a potion of ambrosia
 g - 2 potions of attraction {unknown}
 i - a potion of resistance {unknown}
 j - 3 potions of curing {unknown}
 l - a potion of lignification {unknown}


   Skills:
 + Level 4.2 Fighting
 + Level 5.3 Axes
 + Level 2.7 Dodging


You had 2 spell levels left.
You didn't know any spells.
Your spell library was empty.

Dungeon Overview and Level Annotations

Branches:
Dungeon (2/15)

Altars:


Message History

You feel sick. The adder closely misses you.
You hit the adder.
The adder is severely wounded.
You feel sick. The adder closely misses you. x2
You barely miss the adder.
The adder is severely wounded.
You feel sick.
You are no longer poisoned.
The adder bites you but does no damage.
You hit the adder but do no damage.
The adder is severely wounded.
The adder bites you.
You are poisoned.
The adder poisons you!
You barely miss the adder.
The adder is severely wounded.
You feel sick. The adder bites you. The adder closely misses you.
You barely miss the adder.
The adder is severely wounded.
You feel sick. The adder bites you.
You are more poisoned.
The adder poisons you!
You closely miss the adder.
The adder is severely wounded.
You feel sick. The adder bites you.
* * * LOW HITPOINT WARNING * * *
You are lethally poisoned!
The adder poisons you! The adder bites you.
* * * LOW HITPOINT WARNING * * *
You hit the adder but do no damage.
The adder is severely wounded.
* * * LOW HITPOINT WARNING * * *
You feel sick. The adder misses you.
You closely miss the adder.
The adder is severely wounded.
* * * LOW HITPOINT WARNING * * *
You feel sick. The adder misses you.
You hit the adder but do no damage.
The adder is severely wounded.
You die...

###....#### #
#............#
#
#............#
#
#............#
#
#............#
#
#............#
#
#............#
#
#.......S....#
#....)..@....#
##############


You could see an adder.

Vanquished Creatures
  2 worms (D:2)
  3 dart slugs
  4 endoplasms
  4 goblins
  5 hobgoblins
  2 kobolds (D:1)
  4 quokkas
  2 ball pythons (D:1)
  6 bats (D:1)
  2 frilled lizards (D:1)
  5 rats
39 creatures vanquished.

Notes
Turn   | Place    | Note
-------+----------+-------------------------------------------
     0 | D:1      | Pixllover the Hill Orc Monk began the quest for the Orb.
     0 | D:1      | Reached XP level 1. HP: 19/19 MP: 1/1
   149 | D:1      | Reached XP level 2. HP: 26/27 MP: 2/2
   597 | D:1      | Reached XP level 3. HP: 32/33 MP: 3/3
  1018 | D:2      | Reached skill level 5 in Axes
  1700 | D:2      | Succumbed to an adder's poison

Illustrated notes

Levels and vault maps discovered:
D:1:      minmay_arrival_three_doors, layout_loops_ring, palyth_stone_intersect,
          minmay_tetromino_l4
D:2:      layout_basic

Skill      XL: |  1  2  3 |
---------------+----------+-----
Fighting       | 4 |  4.2
Axes           | 5 |  5.3
Dodging        | |  2.7

Action                     || total
---------------------------++-------
  Melee: Hand axe          ||   134
 Armour: Robe              ||    83
  Dodge: Dodged            ||    82

Table legend: (Time is in decaauts)
 A = Elapsed time spent in this place.
 B = Non-inter-level travel time spent in this place.
 C = Inter-level travel time spent in this place.
 D = Time resting spent in this place.
 E = Time spent auto-exploring this place.
 F = Levels seen in this place.
 G = Mean time per level.
                   A        B        C        D        E       F      G
               +--------+--------+--------+--------+--------+-----+--------+
         Total |   1708 |   1687 |     21 |    114 |   1147 |   2 |  854.0 |
       Dungeon |   1708 |   1687 |     21 |    114 |   1147 |   2 |  854.0 |
               +--------+--------+--------+--------+--------+-----+--------+

Top non-repeatable levels by time:
     D:1: 955 daAuts
     D:2: 752 daAuts
